Map: [ESL] Altitude

Players

Fjant

  • Race: Zerg Zerg
  • League: Grandmaster
  • Spawn Location: 7:00

trigger - Winner!

  • Race: Protoss Protoss
  • League: Grandmaster
  • Spawn Location: 1:00

Event: HomeStory Cup XXIII

VOD

Have the link to the VOD?

Description

Time

  • Played on: June 30, 2023, 2:49 p.m.
  • Length: 15:42

All games in this series

Show
View Real Time Build Order
Export as new Build Order

Fjant Zerg 

Build Orders: Hatch First 

Get SALT Encoding   

  12  0:00  Drone  
  13  0:13  Overlord  
  13  0:17  Drone  
  14  0:33  Drone x2  
  16  0:48  Hatchery  
  15  0:52  Drone  
  15  0:56  Drone  
  17  0:59  Drone  
  18  1:09  Extractor  
  17  1:15  Spawning Pool  
  17  1:18  Drone  
  17  1:21  Drone  
  18  1:29  Drone  
  19  1:41  Drone  
  20  1:58  Drone  
  20  2:01  Queen x2  
  21  2:03  Zergling x2  
  26  2:09  Overlord  
  26  2:11  Drone  
  26  2:12  Drone  
  28  2:17  Metabolic Boost  
  28  2:30  Drone x2  
  28  2:35  Hatchery  
  29  2:42  Drone  
  29  2:43  Drone  
  31  2:46  Drone  
  31  2:48  Overlord  
  32  2:53  Queen  
  32  2:57  Drone x2  
  36  3:10  Drone x2  
  36  3:11  Queen  
  40  3:14  Zergling x4  
  40  3:19  Overlord  
  42  3:21  Drone x2  
  44  3:29  Overlord  
  44  3:39  Drone x2  
  46  3:43  Zergling x6  
  46  3:45  Drone  
  49  3:54  Queen  
  51  3:56  Drone x6  
  51  3:58  Spore Crawler  
  56  4:03  Drone  
  56  4:06  Drone  
  58  4:10  Zergling x6  
  58  4:11  Drone x2  
  58  4:13  Queen  
  64  4:20  Queen, Spore Crawler  
  65  4:25  Evolution Chamber  
  65  4:26  Drone  
  65  4:34  Zergling x2  
  65  4:37  Overlord  
  65  4:38  Zergling x6  
  65  4:39  Spore Crawler  
  65  4:41  Zergling x4  
  66  4:50  Zergling x2  
  66  4:52  Overlord  
  65  4:54  Drone x2  
  65  4:55  Zerg Melee Weapons Level 1  
  65  4:56  Drone x4  
  65  4:57  Drone x2  
  71  5:03  Drone  
  71  5:04  Drone  
  71  5:06  Overlord  
  73  5:09  Roach Warren  
  73  5:13  Drone x2  
  73  5:23  Zergling x8  
  73  5:27  Drone  
  73  5:28  Drone x3  
  77  5:33  Hatchery  
  75  5:37  Drone x5  
  75  5:40  Drone  
  79  5:46  Drone x2  
  79  5:47  Drone  
  79  5:48  Extractor  
  79  5:49  Lair  
  81  5:50  Overlord  
  81  5:53  Extractor  
  80  5:57  Queen, Zergling x10  
  80  6:03  Spore Crawler  
  81  6:16  Zergling x18  
  81  6:17  Zergling x4  
  91  6:23  Drone x2  
  91  6:24  Drone x2  
  91  6:25  Drone  
  94  6:31  Drone  
  93  6:39  Zergling x2  
  98  6:40  Zergling x8  
  98  6:46  Zergling x2  
  98  6:47  Zergling x12  
  102  6:52  Zergling x8  
  103  6:54  Glial Reconstitution, Zerg Melee Weapons Level 2  
  103  6:59  Spore Crawler  
  103  7:01  Zergling x2  
  103  7:02  Overlord x2  
  103  7:03  Overlord  
  97  7:18  Zergling x6  
  97  7:22  Zergling x20  
  97  7:23  Zergling x4  
  97  7:26  Zergling x2  
  95  7:32  Queen x2  
  95  7:35  Zergling x12  
  102  7:38  Queen  
  102  7:39  Queen, Zergling x2  
  103  7:50  Zergling x2  
  103  7:51  Zergling x14  
  108  7:53  Zergling x4  
  102  8:01  Zergling x8  
  102  8:05  Zergling x6  
  109  8:07  Queen, Zergling x2  
  109  8:08  Queen  
  109  8:10  Zergling x2  
  105  8:13  Zergling x4  
  98  8:20  Roach x2  
  98  8:23  Roach x2  
  103  8:28  Roach  
  103  8:33  Zergling x14  
  111  8:36  Roach  
  111  8:38  Hatchery  
  111  8:40  Zergling x6  
  113  8:44  Overlord  
  113  8:51  Overlord, Hatchery  
  113  8:53  Zergling x4  
  114  9:02  Overlord  
  114  9:04  Zergling x16  
  122  9:15  Overlord  
  123  9:19  Overlord  
  123  9:20  Hatchery  
  123  9:22  Overlord  
  123  9:23  Roach  
  121  9:27  Ravager x5  
  121  9:29  Zergling x4  
  127  9:34  Zergling x6, Ravager  
  127  9:36  Zergling x4  
  132  9:41  Roach  
  128  9:46  Zerg Missile Weapons Level 1  
  128  9:48  Baneling Nest  
  128  9:49  Zergling x6  
  126  9:54  Queen x2  
  120  10:07  Zergling x14  
  120  10:11  Roach  
  120  10:12  Roach  
  131  10:18  Roach x3  
  130  10:30  Zergling x16  
  138  10:35  Hatchery  
  138  10:38  Zergling x14  
  141  10:45  Zergling x4  
  141  10:49  Zergling x4  
  144  10:53  Centrifugal Hooks  
  145  11:00  Zergling x2  
  145  11:01  Zergling x6  
  141  11:06  Zergling x4  
  135  11:14  Zergling x4  
  135  11:18  Zergling x4  
  130  11:20  Roach  
  130  11:22  Roach x2  
  130  11:23  Roach x2  
  130  11:24  Roach  
  130  11:25  Roach  
  140  11:28  Roach x2  
  140  11:30  Roach  
  142  11:36  Roach  
  142  11:38  Roach x2  
  144  11:40  Zergling x2  
  144  11:45  Zergling x2  
  144  11:46  Hatchery x2  
  144  11:49  Roach x2  
  144  11:50  Baneling x16  
  144  11:51  Zerg Missile Weapons Level 2  
  144  11:54  Baneling x9, Zergling x4  
  148  12:03  Zergling x10  
  148  12:05  Zergling x4  
  155  12:08  Zergling x2  
  155  12:12  Roach  
  158  12:16  Zergling x4  
  158  12:22  Zergling x2  
  159  12:28  Overlord  
  158  12:32  Overlord  
  158  12:42  Zergling x16  
  140  12:51  Zergling x6  
  140  12:56  Roach  
  131  13:01  Roach x2  
  127  13:08  Roach  
  113  13:17  Roach x3  
  111  13:22  Roach x5  
  111  13:23  Roach x3  
  111  13:27  Roach  
  124  13:32  Roach x2  
  128  13:34  Zergling x4  
  128  13:38  Zergling x2  
  122  13:44  Zergling x8  
  126  13:50  Baneling  
  126  14:01  Zergling x8  
  129  14:04  Zergling x4  
  129  14:06  Zergling x2  
  129  14:07  Zergling x2  
  132  14:13  Ravager x4  
  132  14:14  Zergling x2  
  132  14:15  Hatchery  
  136  14:19  Zergling x4  
  137  14:27  Zergling x8  
  124  14:43  Zergling x6  
  124  14:44  Zergling x8  
  116  14:51  Zergling x8  
  116  14:56  Zergling x2  
  116  14:57  Zergling x2  
  115  15:10  Zergling x12  
  99  15:16  Roach  
  99  15:17  Roach  
  79  15:22  Zergling x4  
Show
View Real Time Build Order
Export as new Build Order

trigger Protoss - Winner!

Build Orders: 1 Gate Expand, Oracle Opening 

Get SALT Encoding   

  12  0:00  Probe  
  13  0:12  Probe  
  14  0:18  Pylon  
  14  0:24  Probe  
  15  0:32  Assimilator  
  15  0:36  Probe (Chrono Boost)  
  16  0:46  Gateway  
  16  0:47  Probe (Chrono Boost)  
  17  0:53  Probe  
  18  1:05  Probe  
  19  1:18  Probe  
  20  1:24  Nexus  
  20  1:35  Cybernetics Core  
  20  1:39  Probe  
  21  1:44  Assimilator  
  21  1:51  Probe  
  21  1:54  Pylon  
  22  2:03  Probe  
  23  2:09  Adept (Chrono Boost)  
  23  2:15  Stargate  
  25  2:18  Probe  
  25  2:20  Warp Gate  
  26  2:30  Probe (Chrono Boost)  
  26  2:33  Adept  
  30  2:39  Probe (Chrono Boost)  
  30  2:43  Probe (Chrono Boost)  
  31  2:48  Probe (Chrono Boost)  
  31  2:51  Probe (Chrono Boost)  
  33  2:53  Probe (Chrono Boost)  
  33  2:57  Oracle (Chrono Boost)  
  37  3:00  Probe  
  37  3:02  Probe  
  39  3:06  Adept  
  39  3:12  Probe  
  42  3:13  Pylon  
  42  3:14  Probe  
  43  3:24  Probe  
  43  3:25  Gateway  
  44  3:29  Oracle (Chrono Boost)  
  44  3:32  Probe  
  48  3:36  Probe  
  49  3:44  Probe  
  50  3:48  Probe  
  51  3:55  Nexus  
  51  4:02  Oracle  
  54  4:03  Pylon  
  54  4:16  Assimilator  
  54  4:18  Pylon  
  54  4:21  Probe x2  
  54  4:23  Stalker x2  
  60  4:24  Shield Battery  
  60  4:30  Twilight Council  
  60  4:33  Probe  
  60  4:34  Probe  
  59  4:44  Gateway  
  59  4:45  Gateway  
  57  4:46  Probe  
  57  4:48  Stalker  
  57  4:52  Stalker  
  62  5:02  Blink (Chrono Boost)  
  62  5:07  Probe x2  
  62  5:10  Pylon  
  62  5:13  Gateway  
  65  5:14  Gateway  
  65  5:18  Stalker  
  66  5:24  Shield Battery  
  66  5:27  Stalker  
  66  5:35  Probe x2  
  68  5:39  Stalker x2  
  68  5:41  Probe  
  71  5:46  Stalker  
  71  5:47  Probe  
  74  5:50  Probe  
  74  5:51  Shield Battery  
  76  5:57  Probe  
  76  5:59  Probe, Stalker  
  76  6:02  Probe  
  80  6:08  Stalker x3  
  82  6:15  Probe  
  82  6:17  Stalker  
  82  6:18  Stalker  
  85  6:30  Pylon  
  85  6:31  Pylon  
  85  6:32  Pylon x2  
  85  6:34  Pylon  
  85  6:37  Robotics Facility  
  85  6:41  Assimilator  
  85  6:50  Stalker x3  
  85  6:53  Stalker  
  93  6:57  Probe x3  
  96  7:05  Stalker  
  98  7:12  Probe  
  98  7:14  Pylon, Zealot x2  
  98  7:15  Zealot x2  
  101  7:18  Probe  
  101  7:21  Stalker  
  100  7:25  Probe  
  100  7:27  Gateway  
  92  7:35  Shield Battery  
  92  7:38  Stalker x3  
  92  7:43  Stalker x2  
  102  7:47  Stalker  
  102  7:57  Gateway  
  96  8:00  Probe  
  96  8:01  Zealot x2  
  96  8:02  Zealot  
  96  8:04  Pylon  
  103  8:12  Stalker x3  
  96  8:23  Stalker  
  96  8:24  Stalker x2  
  96  8:25  Probe  
  96  8:26  Probe x2  
  105  8:29  Forge  
  105  8:35  Charge (Chrono Boost)  
  105  8:38  Stalker x3  
  111  8:46  Warp Prism (Chrono Boost), Zealot x2  
  111  8:47  Zealot  
  115  8:52  Zealot  
  119  8:57  Protoss Ground Weapons Level 1 (Chrono Boost)  
  119  9:01  Stalker x3  
  125  9:03  Pylon  
  125  9:10  Pylon, Assimilator  
  120  9:18  Zealot x2  
  120  9:20  Probe  
  120  9:21  Probe  
  120  9:22  Zealot x2  
  130  9:28  Zealot  
  132  9:39  Zealot x3  
  132  9:40  Zealot, Templar Archives  
  134  9:55  Zealot x2  
  134  9:56  Zealot  
  140  10:01  Pylon  
  140  10:06  Zealot  
  140  10:07  Zealot x2  
  138  10:10  Pylon, Photon Cannon  
  140  10:16  Pylon  
  134  10:29  Zealot x8  
  134  10:34  Photon Cannon  
  150  10:37  Assimilator  
  150  10:41  Protoss Ground Weapons Level 2 (Chrono Boost)  
  129  10:51  Zealot x2  
  129  10:52  Zealot x4  
  129  10:55  Zealot  
  139  11:16  Zealot x2  
  139  11:17  Zealot x4  
  129  11:32  Immortal  
  129  11:38  High Templar x7  
  143  11:42  Gateway, Archon  
  143  11:43  Archon x2  
  143  11:46  Nexus  
  147  11:56  Pylon  
  147  11:59  Pylon  
  147  12:08  Gateway  
  147  12:12  High Templar x2  
  147  12:13  High Templar x3  
  157  12:18  Archon x2  
  157  12:19  Archon  
  157  12:21  Zealot x2  
  161  12:37  Shield Battery  
  147  12:45  Pylon  
  147  12:46  Stalker  
  147  12:47  Photon Cannon, Stalker x6  
  153  12:54  Stalker  
  134  13:01  Immortal  
  122  13:21  Zealot x6  
  134  13:29  Zealot x2  
  138  13:44  High Templar x6  
  138  13:45  High Templar  
  138  13:47  Archon  
  138  13:48  Archon x2  
  150  14:05  Immortal (Chrono Boost)  
  154  14:16  High Templar x2  
  158  14:20  Archon  
  158  14:21  High Templar  
  158  14:31  Zealot x2  
  158  14:32  Archon  
  152  14:43  Stalker x4  
  154  14:53  Zealot  
  152  15:00  Pylon  
  152  15:06  Pylon  
  152  15:07  Pylon, Zealot x5  
  120  15:24  Nexus  
  112  15:30  Pylon  
Tags
 
Add a new tag
Caveats
  • Supply blocks, unpowered buildings, or Contaminate may cause inaccurate times.
  • Supply counts are checked every 10 seconds.